 Dungeon Crawl Stone Soup version 0.17.0-28-g6e173f8 (webtiles) character file.

14175 M4edhros the Unseen (level 12, -13/70 HPs)
             Began as an Octopode Wanderer on Nov 26, 2015.
             Was a Priest of Fedhas.
             Mangled by a komodo dragon (20 damage)
             ... on level 1 of the Lair of Beasts.
             The game lasted 00:29:39 (12033 turns).

M4edhros the Unseen (Octopode Wanderer)            Turns: 12033, Time: 00:29:39

Health: -13/70     AC:  1    Str: 10    XL:     12   Next: 13%
Magic:  16/16      EV: 16    Int: 15    God:    Fedhas [***...]
Gold:   636        SH:  6    Dex: 19    Spells: 0 memorised, 11 levels left

rFire  . . .     SeeInvis +     d - +2 short sword (venom)
rCold  . . .     Clarity  .     H - +0 buckler "Tyutaph" {rPois Int+2}
rNeg   . . .     SustAt   .     (helmet restricted)
rPois  +         Gourm    .     a - amulet of resist corrosion
rElec  .         Spirit   .     L - ring of invisibility
rCorr  +         Warding  .     (no ring)
rMut   .         Stasis   .     (no ring)
MR     .....                    (no ring)
Stlth  ++++++++..               (no ring)
                                (no ring)
                                (no ring)
                                (no ring)

@: not resistant to hostile enchantments, extraordinarily stealthy
A: almost no armour, amphibious, 8 rings, constrict 8, camouflage 1, see
invisible, gelatinous body 1
a: Evolution, Sunlight, Growth, Renounce Religion, Evoke Invisibility


You were on level 1 of the Lair of Beasts.
You worshipped Fedhas.
Fedhas was most pleased with you.
You were hungry.

You visited 3 branches of the dungeon, and saw 14 of its levels.

You collected 636 gold pieces.

Inventory:

Hand Weapons
 b - a +2 blowgun
 d - a +2 short sword of venom (weapon)
 f - a +2 short sword of protection
 v - a +0 hunting sling
 T - a +2 dagger of electrocution
Missiles
 n - 51 sling bullets
 t - 299 stones (quivered)
 B - 7 javelins of penetration
 I - 2 throwing nets
Armour
 H - the +0 buckler "Tyutaph" (worn) {rPois Int+2}
   (You found it on level 8 of the Dungeon)

   It affects your intelligence (+2).
   It protects you from poison.
 P - a +3 buckler
Jewellery
 a - an amulet of resist corrosion (around mantle)
 L - a ring of invisibility (left tentacle)
Wands
 g - a wand of slowing (27)
 l - a wand of draining (0)
 u - a wand of slowing (15)
 w - a wand of draining (0)
 O - a wand of fireball (4)
 R - a wand of magic darts (10)
 V - a wand of flame (35)
Scrolls
 i - a scroll of enchant armour
 j - a scroll of enchant weapon
 m - 3 scrolls of noise
 o - 6 scrolls of remove curse
 p - 3 scrolls of recharging
 x - 3 scrolls of teleportation
 D - 2 scrolls of fog
 E - 4 scrolls of summoning
 N - a scroll of amnesia
 S - 2 scrolls of identify
Potions
 k - a potion of curing
 q - 3 potions of flight
 r - 3 potions of invisibility
 A - a potion of haste
 C - 2 potions of might
 G - a potion of agility
 J - a potion of heal wounds
 M - a potion of cancellation
Books
 c - the Compendium of Execration

   Spells                             Type                      Level
   a - Confusing Touch                Hexes                        2
   b - Slow                           Hexes                        2
 y - a book of the Earth

   Spells                             Type                      Level
   a - Leda's Liquefaction            Hexes/Earth                  4
   b - Bolt of Magma                  Conjuration/Fire/Earth       5
   c - Statue Form                    Transmutation/Earth          6
   d - Iron Shot                      Conjuration/Earth            6
   e - Shatter                        Earth                        9
 U - a book of Ice

   Spells                             Type                      Level
   a - Ice Form                       Ice/Transmutation            4
   b - Metabolic Englaciation         Hexes/Ice                    5
   c - Ozocubu's Refrigeration        Ice                          6
   d - Bolt of Cold                   Conjuration/Ice              6
   e - Freezing Cloud                 Conjuration/Ice/Air          6
   f - Simulacrum                     Ice/Necromancy               6
Miscellaneous
 K - a phantom mirror
 Q - a phial of floods (inert)
Comestibles
 e - 2 bread rations
 h - a meat ration
 s - 5 fruits
 z - 12 royal jellies
 F - 3 beef jerkies


   Skills:
 - Level 2.0 Fighting
   Level 1.0 Polearms
 + Level 11.6 Slings
 - Level 1.0(7.5) Throwing
 + Level 5.4 Dodging
 + Level 15.8 Stealth
 + Level 5.2 Shields
   Level 2.0 Hexes
   Level 1.0 Necromancy
 + Level 6.1 Invocations
 + Level 2.9 Evocations


You had 11 spell levels left.
You didn't know any spells.

Dungeon Overview and Level Annotations

Branches:
Dungeon (12/15)            Temple (1/1) D:4            Lair (1/8) D:10
    Orc (0/4) D:12

Altars:
Ashenzari
Cheibriados
Dithmenos
Elyvilon
Fedhas
Gozag
Kikubaaqudgha
Makhleb
Nemelex Xobeh
Okawaru
Qazlal
Ru
Sif Muna
Trog
Vehumet
Xom
Yredelemnul
Zin
The Shining One

Shops:
D:5 }   D:7 }


Innate Abilities, Weirdness & Mutations

You cannot wear most types of armour.
You are amphibious.
You can wear up to eight rings at the same time.
You can use your tentacles to constrict eight enemies at once.
Your skin changes colour to match your surroundings (Stealth).
Your rubbery body absorbs attacks (AC +1).
You have supernaturally acute eyesight.


Message History

The komodo dragon is lightly wounded.
You block the komodo dragon's attack. The komodo dragon bites you.
You hit the komodo dragon but do no damage.
Your squeeze misses the komodo dragon.
The komodo dragon is lightly wounded.
You block the komodo dragon's attack.
You closely miss the komodo dragon.
The komodo dragon is lightly wounded.
You block the komodo dragon's attack.
You hit the komodo dragon but do no damage.
The komodo dragon looks even sicker.
The komodo dragon is lightly wounded.
You block the komodo dragon's attack.
You hit the komodo dragon but do no damage.
The komodo dragon is lightly wounded.
The komodo dragon bites you!!
* * * LOW HITPOINT WARNING * * *
The komodo dragon bites you!!
You die...
Fedhas appreciates your contribution to the ecosystem.

############ ### #..........####
.... #...........#.########....
#.>.......................
#.........................
###....<[..........$........
................Y...........
........).......l####........
.##.##........#P@##.Y.........
..#.##.#......#...............
..............#...............
..............#............... .
.....#...................... ..
###..#..........#..........P ..
####.........##(.........((## ..
##........................(.# ..
.........................(..##...


You could see a komodo dragon and a sheep.

Vanquished Creatures
  Erolcha (D:11)
  Erica (D:8)
  Nergalle (Lair:1)
  A hill giant (D:10)
  2 unseen horrors
  A cyclops (D:11)
  2 gargoyles (D:11)
  A slime creature (D:12)
  3 blink frogs (Lair:1)
  2 deep elf magi (D:9)
  A basilisk (Lair:1)
  A hungry ghost (D:10)
  7 yaks
  5 water moccasins
  2 orc warriors
  3 phantoms
  A sky beast (D:7)
  2 centaurs (D:10)
  An eye of draining (D:11)
  A wasp (D:12)
  2 ice beasts
  2 ogres
  A big kobold (D:11)
  7 giant frogs
  A gnoll sergeant (D:10)
  8 killer bees
  A wyvern skeleton (D:11)
  9 scorpions
  A water moccasin skeleton (D:6)
  4 wights
  5 crimson imps
  6 hounds
  3 iguanas
  7 jellies
  7 orc priests
  11 worker ants
  4 orc wizards
  2 giant frog skeletons
  4 sheep (Lair:1)
  A hound zombie (D:7)
  A hound skeleton (D:5)
  A river rat (Lair:1)
  2 gnolls (D:10)
  10 adders
  A shadow imp (D:9)
  6 oozes
  An adder zombie (D:9)
  2 worms (D:3)
  2 adder skeletons
  9 giant geckos
  31 orcs
  15 bats
  9 goblins
  17 hobgoblins
  2 jackals (D:3)
  11 kobolds
  2 ball pythons
  6 giant cockroaches
  4 giant newts
  7 quokkas
  3 quokka skeletons
  10 rats
277 creatures vanquished.

Vanquished Creatures (collateral kills)
  A slime creature (D:12)
  The ghost of Sagrath01 the Grappler, a novice NaTm of Okawaru (D:9)
  The ghost of 4thArraOfDagon the Cleaver, a novice MiBe of Trog (D:10)
  A gargoyle (D:12)
  A wandering mushroom (D:11)
  A steam dragon (D:10)
  10 yaks (D:10)
  2 orc warriors
  An ice beast (D:9)
  A phantom (D:11)
  2 ogres (D:10)
  A giant frog (D:10)
  A wyvern skeleton (D:12)
  5 killer bees
  9 wights
  2 orc wizards
  An iguana (D:9)
  A hound skeleton (D:11)
  An adder (D:12)
  A gnoll (D:10)
  7 orcs
51 creatures vanquished.

Vanquished Creatures (others)
  2 necrophages
  A giant cockroach zombie (D:5)
  13 wandering mushrooms
  8 fungi
  216 toadstools
240 creatures vanquished.

Grand Total: 568 creatures vanquished

Notes
Turn   | Place    | Note
--------------------------------------------------------------
     0 | D:1      | M4edhros the Octopode Wanderer began the quest for the Orb.
     0 | D:1      | M4edhros set off with: a curare-tipped needle, a +2 blowgun, the Compendium of Execration, a +0 dagger, a bread ration
     0 | D:1      | Reached XP level 1. HP: 14/14 MP: 1/1
     0 | D:1      | Identified the Compendium of Execration
     6 | D:1      | Reached skill level 3 in Stealth
    89 | D:1      | Reached XP level 2. HP: 13/19 MP: 2/2
   158 | D:1      | Reached skill level 4 in Stealth
   295 | D:3      | Reached XP level 3. HP: 24/24 MP: 3/3
   321 | D:3      | Reached skill level 5 in Stealth
   469 | D:4      | Reached skill level 6 in Stealth
   469 | D:4      | Reached XP level 4. HP: 18/29 MP: 4/4
   593 | D:4      | Noticed an ogre
   604 | D:4      | Killed an ogre
   604 | D:4      | Reached skill level 7 in Stealth
   604 | D:4      | Reached XP level 5. HP: 34/34 MP: 5/5
   639 | D:4      | Found a staircase to the Ecumenical Temple.
   652 | Temple   | Entered the Ecumenical Temple
   742 | Temple   | Became a worshipper of Fedhas Madash
  1075 | D:2      | Found a stormy altar of Qazlal.
  1076 | D:2      | Found a shattered altar of Ashenzari.
  1405 | D:2      | Reached skill level 8 in Stealth
  2100 | D:1      | Reached * piety under Fedhas
  2305 | D:3      | Reached XP level 6. HP: 33/39 MP: 3/6
  2969 | D:5      | Entered Level 5 of the Dungeon
  2972 | D:5      | Reached skill level 9 in Stealth
  3008 | D:5      | You fall through a shaft for 3 floors!
  3022 | D:8      | Noticed Erica
  3073 | D:7      | Noticed a water moccasin
  3158 | D:6      | HP: 2/58 [poisoned by a worker ant]
  3162 | D:6      | Reached skill level 10 in Stealth
  3412 | D:6      | Found a burning altar of Makhleb.
  3439 | D:6      | Reached XP level 7. HP: 23/45 MP: 7/7
  3832 | D:5      | Reached skill level 11 in Stealth
  3859 | D:5      | Reached ** piety under Fedhas
  4002 | D:5      | Found Pugav's Gadget Boutique.
  4358 | D:5      | Reached skill level 1 in Slings
  4835 | D:7      | Reached XP level 8. HP: 35/50 MP: 8/8
  4839 | D:7      | Gained mutation: You have supernaturally acute eyesight. [mutagenic meat]
  4840 | D:7      | Gained mutation: You have a pair of small antennae on your head. [mutagenic meat]
  4841 | D:7      | Gained mutation: Your spells are a little easier to cast, but a little less powerful. [mutagenic meat]
  4842 | D:7      | Gained mutation: You possess an exceptional clarity of mind. [mutagenic meat]
  4879 | D:7      | Killed a water moccasin
  4879 | D:7      | Reached skill level 12 in Stealth
  5112 | D:7      | Found Taijyun's Gadget Shop.
  5137 | D:7      | Reached skill level 5 in Slings
  5221 | D:7      | Found a sparkling altar of Nemelex Xobeh.
  5221 | D:7      | Found an opulent altar of Gozag.
  5575 | D:8      | Reached *** piety under Fedhas
  5590 | D:8      | Noticed a water moccasin
  5597 | D:8      | Killed a water moccasin
  5688 | D:8      | Reached XP level 9. HP: 54/54 MP: 9/9
  5743 | D:8      | Got a polished buckler
  5749 | D:8      | Identified the cursed +0 buckler "Tyutaph" {rPois Int+2} (You found it on level 8 of the Dungeon)
  5767 | D:8      | Lost mutation: Your spells are a little easier to cast, but a little less powerful. [potion of cure mutation]
  5767 | D:8      | Lost mutation: You have a pair of small antennae on your head. [potion of cure mutation]
  5767 | D:8      | Lost mutation: You possess an exceptional clarity of mind. [potion of cure mutation]
  5811 | D:8      | Killed Erica
  5811 | D:8      | Reached skill level 13 in Stealth
  5826 | D:8      | Found a sparkling altar of Nemelex Xobeh.
  6151 | D:9      | Found a glowing silver altar of Zin.
  6151 | D:9      | Noticed an angel
  6157 | D:9      | Found a shimmering altar of Xom.
  6487 | D:9      | Noticed Sagrath01's ghost (novice NaTm)
  6637 | D:9      | Reached skill level 14 in Stealth
  6755 | D:9      | Killed Sagrath01's ghost
  6755 | D:9      | Reached XP level 10. HP: 41/60 MP: 10/10
  6971 | D:9      | Found a shattered altar of Ashenzari.
  7114 | D:9      | Reached skill level 1 in Invocations
  7270 | D:10     | Entered Level 10 of the Dungeon
  7356 | D:10     | Noticed a hill giant
  7376 | D:10     | Killed a hill giant
  7376 | D:10     | Reached skill level 1 in Shields
  7425 | D:10     | Found a staircase to the Lair.
  7458 | D:10     | Reached skill level 10 in Slings
  7504 | D:10     | Noticed an unseen horror
  7527 | D:10     | Killed an unseen horror
  7929 | D:10     | Reached **** piety under Fedhas
  8143 | D:10     | Noticed 4thArraOfDagon's ghost (novice MiBe)
  8151 | D:10     | Killed 4thArraOfDagon's ghost
  8176 | D:10     | Reached XP level 11. HP: 48/64 MP: 13/13
  8344 | D:10     | Reached skill level 15 in Stealth
  8911 | D:11     | Noticed Erolcha
  8939 | D:11     | Killed Erolcha
  8940 | D:11     | HP: 1/64 [wandering mushroom (19)]
  9386 | D:11     | Noticed an unseen horror
  9413 | D:11     | Killed an unseen horror
  9644 | D:11     | Reached skill level 5 in Invocations
  9958 | D:12     | Reached skill level 1 in Evocations
 10251 | D:12     | Found a staircase to the Orcish Mines.
 10629 | D:12     | Reached skill level 5 in Dodging
 10642 | D:12     | Noticed a seven-headed hydra
 10806 | Lair:1   | Entered Level 1 of the Lair of Beasts
 10806 | Lair:1   | Noticed Nergalle
 10813 | Lair:1   | Killed Nergalle
 10904 | Lair:1   | Reached XP level 12. HP: 36/70 MP: 16/16
 11378 | D:10     | Reached skill level 5 in Shields
 12033 | Lair:1   | Mangled by a komodo dragon

Action                   |  1- 3 |  4- 6 |  7- 9 | 10-12 || total
-------------------------+-------+-------+-------+-------++-------
Melee: Dagger            |     5 |       |       |    33 ||    38
       Short sword       |    36 |   116 |   191 |   226 ||   569
 Fire: Blowgun           |     2 |    13 |     6 |   215 ||   236
       Hunting sling     |       |       |    12 |    76 ||    88
Throw: Stone             |       |       |       |     6 ||     6
Invok: Evolution         |       |     1 |     4 |    11 ||    16
       Sunlight          |       |       |       |     3 ||     3
Evoke: Wand              |       |       |     4 |    11 ||    15
       Phial of floods   |       |       |       |     1 ||     1
  Use: Scroll            |     5 |       |     4 |    11 ||    20
       Potion            |       |    10 |     3 |     2 ||    15
 Stab: Sleeping          |    10 |    23 |    24 |    30 ||    87
       Distracted        |       |     1 |       |     6 ||     7
       Invisible         |       |     1 |       |       ||     1
       Confused          |       |       |       |     9 ||     9
  Eat: Bread ration      |       |     1 |     1 |     3 ||     5
       Beef jerky        |       |     1 |       |       ||     1
       Meat ration       |       |       |     2 |       ||     2
       Chunk             |       |       |     4 |       ||     4
       Pizza             |       |       |       |     1 ||     1
